| TOP OF THE 1ST |
|
Watertown Bucks batting - Pitching for Duluth-Superior Dukes : RHP Francis Cutty
|
|
Pitching: RHP Francis Cutty
|
|
|
Batting: SHB Luis Rivera
|
0-0: Foul Ball, location: 2F 0-1: Foul Ball, location: 2F 0-2: Ball 1-2: Ball 2-2: Ball 3-2: Fly out, F7 (Flyball, 78D, EV 104.4 MPH)
|
|
Batting: RHB Robert Tanzi
|
0-0: Fly out, F8 (Flyball, 8LD, EV 93.1 MPH)
|
|
Batting: LHB Bryan Neal
|
0-0: Ball 1-0: Ball 2-0: Ball 3-0: Base on Balls
|
|
Batting: RHB Richard Plautz
|
0-0: Foul Ball, location: 2F 0-1: Foul Ball, location: 2F 0-2: Ball 1-2: Strikes out swinging
|
| Top of the 1st over - 0 runs, 0 hits, 0 errors, 1 left on base; Watertown 0 - Duluth-Superior 0 |
| BOTTOM OF THE 1ST |
|
Duluth-Superior Dukes batting - Pitching for Watertown Bucks : RHP Jack Littrell
|
|
Pitching: RHP Jack Littrell
|
|
|
Batting: RHB Ricky Sheetz
|
0-0: Ball 1-0: Ball 2-0: Ball 3-0: Base on Balls
|
|
Batting: LHB Ralph Bryant
|
0-0: Called Strike 0-1: Foul Ball, location: 2F 0-2: Fly out, F8 (Line Drive, 8RD, EV 86.3 MPH)
|
|
Batting: LHB Ron Henika
|
0-0: Ball 1-0: Called Strike 1-1: Ball 2-1: Ground out 6-3 (Groundball, 6S, EV 75.0 MPH) Ricky Sheetz to second
|
|
Batting: RHB Dave Hengel
|
0-0: Called Strike 0-1: Ball 1-1: Ball 2-1: Called Strike 2-2: Foul Ball, location: 2F 2-2: Ball 3-2: Strikes out looking
|
| Bottom of the 1st over - 0 runs, 0 hits, 0 errors, 1 left on base; Watertown 0 - Duluth-Superior 0 |
| TOP OF THE 2ND |
|
Watertown Bucks batting - Pitching for Duluth-Superior Dukes : RHP Francis Cutty
|
|
Batting: LHB Greg Guin
|
0-0: Ball 1-0: DOUBLE (Line Drive, 78D, EV 105.6 MPH)
|
|
Batting: RHB Eugene Cattane
|
0-0: Called Strike 0-1: Ball 1-1: Called Strike 1-2: Ball 2-2: Foul Ball, location: 2F 2-2: Fly out, F9 (Flyball, 89S, EV 97.5 MPH)
|
|
Batting: LHB Manuel Vigil
|
0-0: Ball 1-0: SINGLE (Line Drive, 7S, EV 91.9 MPH) Greg Guin to third Runner from 3rd tries for Home, SAFE, throw by LF to home Manuel Vigil to second
|
|
Batting: RHB Sebastiano Borriello
|
0-0: Ball 1-0: Ball 2-0: Foul Ball, location: 2F 2-1: Swinging Strike 2-2: Ball 3-2: Strikes out swinging
|
|
Batting: RHB Thomas Dimino
|
0-0: Foul Ball, location: 2F 0-1: Called Strike 0-2: Ball 1-2: Strikes out swinging
|
| Top of the 2nd over - 1 run, 2 hits, 0 errors, 1 left on base; Watertown 1 - Duluth-Superior 0 |
| BOTTOM OF THE 2ND |
|
Duluth-Superior Dukes batting - Pitching for Watertown Bucks : RHP Jack Littrell
|
|
Batting: RHB Jim Ferguson
|
0-0: Called Strike 0-1: Ball 1-1: Ground out 6-3 (Groundball, 6, EV 104.4 MPH)
|
|
Batting: RHB Leo Vargas
|
0-0: Swinging Strike 0-1: Ball 1-1: Fly out, F3 (Popup, 3L, EV 83.1 MPH)
|
|
Batting: RHB Gary Hinson
|
0-0: Ball 1-0: Ball 2-0: Ball 3-0: Base on Balls
|
|
Batting: RHB Cecil Whitehead
|
0-0: Ball 1-0: Called Strike 1-1: Ball 2-1: Ball 3-1: SINGLE (Groundball, 6D, EV 95.0 MPH) Gary Hinson to second
|
|
Batting: RHB Hector Cervantes
|
0-0: Called Strike 0-1: Foul Ball, location: 2F 0-2: Ball 1-2: Ball 2-2: Foul Ball, location: 2F 2-2: Foul Ball, location: 2F 2-2: Ball 3-2: Fly out, F4 (Popup, 4S, EV 80.6 MPH)
|
| Bottom of the 2nd over - 0 runs, 1 hit, 0 errors, 2 left on base; Watertown 1 - Duluth-Superior 0 |
| TOP OF THE 3RD |
|
Watertown Bucks batting - Pitching for Duluth-Superior Dukes : RHP Francis Cutty
|
|
Batting: SHB Luis Rivera
|
0-0: Called Strike 0-1: Fly out, F9 (Flyball, 9LM, EV 102.5 MPH)
|
|
Batting: RHB Robert Tanzi
|
0-0: Ball 1-0: Fly out, F9 (Flyball, 89S, EV 91.9 MPH)
|
|
Batting: LHB Bryan Neal
|
0-0: Ball 1-0: Ground out 4-3 (Groundball, 4, EV 99.4 MPH)
|
| Top of the 3rd over - 0 runs, 0 hits, 0 errors, 0 left on base; Watertown 1 - Duluth-Superior 0 |
| BOTTOM OF THE 3RD |
|
Duluth-Superior Dukes batting - Pitching for Watertown Bucks : RHP Jack Littrell
|
|
Batting: RHB Ricky Sheetz
|
0-0: Ball 1-0: Called Strike 1-1: Foul Ball, location: 2F 1-2: Ball 2-2: Foul Ball, location: 2F 2-2: Ball 3-2: Fly out, F6 (Popup, 6MD, EV 71.3 MPH)
|
|
Batting: LHB Ralph Bryant
|
0-0: Ball 1-0: Ground out U3 (Groundball, 34, EV 85.0 MPH)
|
|
Batting: LHB Ron Henika
|
0-0: Called Strike 0-1: Fly out, F8 (Flyball, 78D, EV 103.1 MPH)
|
| Bottom of the 3rd over - 0 runs, 0 hits, 0 errors, 0 left on base; Watertown 1 - Duluth-Superior 0 |
| TOP OF THE 4TH |
|
Watertown Bucks batting - Pitching for Duluth-Superior Dukes : RHP Francis Cutty
|
|
Batting: RHB Richard Plautz
|
0-0: Ball 1-0: Called Strike 1-1: Ball 2-1: Foul Ball, location: 2F 2-2: Ball 3-2: Base on Balls
|
|
Batting: LHB Greg Guin
|
0-0: Grounds into double play, 4-6-3 (Groundball, 4, EV 101.3 MPH)
|
|
Batting: RHB Eugene Cattane
|
0-0: Ball 1-0: SINGLE (Line Drive, 8RS, EV 99.4 MPH)
|
|
Batting: LHB Manuel Vigil
|
0-0: Called Strike Eugene Cattane steals 2nd base (no throw) 0-1: Ball 1-1: Ground out 1-3 (Groundball, 13S, EV 72.5 MPH)
|
| Top of the 4th over - 0 runs, 1 hit, 0 errors, 1 left on base; Watertown 1 - Duluth-Superior 0 |
| BOTTOM OF THE 4TH |
|
Duluth-Superior Dukes batting - Pitching for Watertown Bucks : RHP Jack Littrell
|
|
Batting: RHB Dave Hengel
|
0-0: Ball 1-0: Fly out, F8 (Flyball, 8LS, EV 86.3 MPH)
|
|
Batting: RHB Jim Ferguson
|
0-0: Foul Ball, location: 2F 0-1: Ball 1-1: Ball 2-1: Fly out, F7 (Line Drive, 7, EV 107.5 MPH)
|
|
Batting: RHB Leo Vargas
|
0-0: Foul Ball, location: 2F 0-1: Ball 1-1: Called Strike 1-2: Ball 2-2: DOUBLE (Groundball, 5L, EV 103.1 MPH)
|
|
Batting: RHB Gary Hinson
|
0-0: Ball 1-0: Called Strike 1-1: Swinging Strike 1-2: Ground out 6-3 (Groundball, 6, EV 90.0 MPH)
|
| Bottom of the 4th over - 0 runs, 1 hit, 0 errors, 1 left on base; Watertown 1 - Duluth-Superior 0 |
| TOP OF THE 5TH |
|
Watertown Bucks batting - Pitching for Duluth-Superior Dukes : RHP Francis Cutty
|
|
Batting: RHB Sebastiano Borriello
|
0-0: Called Strike 0-1: Ball 1-1: Foul Ball, location: 2F 1-2: SINGLE (Groundball, 34D, EV 102.5 MPH)
|
|
Batting: RHB Thomas Dimino
|
0-0: Sac Bunt to 3S - play at first, batter OUT! 3-1 Sebastiano Borriello to second
|
|
Batting: SHB Luis Rivera
|
0-0: Foul Ball, location: 2F 0-1: Fly out, F9 (Flyball, 9LS, EV 72.5 MPH)
|
|
Batting: RHB Robert Tanzi
|
0-0: Called Strike 0-1: Swinging Strike 0-2: Ball 1-2: Foul Ball, location: 2F 1-2: Ball 2-2: Fly out, F8 (Flyball, 8RM, EV 90.6 MPH)
|
| Top of the 5th over - 0 runs, 1 hit, 0 errors, 1 left on base; Watertown 1 - Duluth-Superior 0 |
| BOTTOM OF THE 5TH |
|
Duluth-Superior Dukes batting - Pitching for Watertown Bucks : RHP Jack Littrell
|
|
Batting: RHB Cecil Whitehead
|
0-0: Ball 1-0: Ball 2-0: SINGLE (Groundball, 4MD, EV 96.9 MPH)
|
|
Batting: RHB Hector Cervantes
|
0-0: Sac Bunt to 13 - play at first, batter OUT! 1-4 Cecil Whitehead to second
|
|
Batting: RHB Ricky Sheetz
|
0-0: Foul Ball, location: 2F 0-1: Foul Ball, location: 2F 0-2: Fly out, F8 (Flyball, 78XD, EV 93.8 MPH) Runner from 2nd tags up, SAFE at 3rd, no throw by CF
|
|
Batting: LHB Ralph Bryant
|
0-0: Ball 1-0: Swinging Strike 1-1: Ball 2-1: Called Strike 2-2: Ball 3-2: Ground out 6-3 (Groundball, 6, EV 98.8 MPH)
|
| Bottom of the 5th over - 0 runs, 1 hit, 0 errors, 1 left on base; Watertown 1 - Duluth-Superior 0 |
| TOP OF THE 6TH |
|
Watertown Bucks batting - Pitching for Duluth-Superior Dukes : RHP Francis Cutty
|
|
Batting: LHB Bryan Neal
|
0-0: Foul Ball, location: 2F 0-1: Ball 1-1: Swinging Strike 1-2: Ball 2-2: Fly out, F3 (Popup, 3SF, EV 74.4 MPH)
|
|
Batting: RHB Richard Plautz
|
0-0: Ball 1-0: Ball 2-0: Called Strike 2-1: SOLO HOME RUN (Flyball, 7D, EV 105.0 MPH), Distance : 367 ft
|
|
Batting: LHB Greg Guin
|
0-0: Ball 1-0: Foul Ball, location: 2F 1-1: Swinging Strike 1-2: Ball 2-2: Foul Ball, location: 2F 2-2: Ball 3-2: SINGLE (Flyball, 6MD, EV 91.9 MPH)
|
|
Batting: RHB Eugene Cattane
|
0-0: Ball 1-0: Ball 2-0: Called Strike 2-1: Ball 3-1: Foul Ball, location: 2F 3-2: Strikes out swinging
|
|
Batting: LHB Manuel Vigil
|
0-0: Ball 1-0: Called Strike 1-1: Ball 2-1: Foul Ball, location: 2F 2-2: Ball 3-2: Strikes out swinging
|
| Top of the 6th over - 1 run, 2 hits, 0 errors, 1 left on base; Watertown 2 - Duluth-Superior 0 |
| BOTTOM OF THE 6TH |
|
Duluth-Superior Dukes batting - Pitching for Watertown Bucks : RHP Jack Littrell
|
|
Batting: LHB Ron Henika
|
0-0: Ball 1-0: Ball 2-0: Called Strike 2-1: SINGLE (Line Drive, 4MD, EV 102.5 MPH)
|
|
Batting: RHB Dave Hengel
|
0-0: Ball 1-0: Fly out, F9 (Flyball, 9S, EV 76.3 MPH)
|
|
Batting: RHB Jim Ferguson
|
0-0: Swinging Strike 0-1: SINGLE (Groundball, 56D, EV 100.0 MPH) Ron Henika to second
|
|
Batting: RHB Leo Vargas
|
0-0: Ball 1-0: Ball 2-0: Ball Wild Pitch! Ron Henika to third Jim Ferguson to second 3-0: Called Strike 3-1: Foul Ball, location: 2F 3-2: 3-RUN HOME RUN (Flyball, 7LD, EV 109.4 MPH), Distance : 372 ft
|
|
Batting: RHB Gary Hinson
|
0-0: Ball 1-0: Foul Ball, location: 2F 1-1: SINGLE (Groundball, 34S, EV 65.6 MPH) (infield hit)
|
|
Batting: RHB Cecil Whitehead
|
0-0: Ball 1-0: Called Strike 1-1: Ball 2-1: Fly out, F8 (Line Drive, 8RD, EV 85.0 MPH)
|
|
Batting: RHB Hector Cervantes
|
0-0: Ball 1-0: Foul Ball, location: 2F 1-1: Foul Ball, location: 2F 1-2: Foul Ball, location: 2F 1-2: Foul Ball, location: 2F 1-2: Fielders Choice at 2nd, 6-4 (Groundball, 6, EV 103.1 MPH)
|
| Bottom of the 6th over - 3 runs, 4 hits, 0 errors, 1 left on base; Watertown 2 - Duluth-Superior 3 |
| TOP OF THE 7TH |
|
Watertown Bucks batting - Pitching for Duluth-Superior Dukes : RHP Francis Cutty
|
|
Batting: RHB Sebastiano Borriello
|
0-0: Called Strike 0-1: Ground out 4-3 (Groundball, 4, EV 102.5 MPH)
|
|
Batting: RHB Thomas Dimino
|
0-0: Ball 1-0: Ball 2-0: Ball 3-0: Called Strike 3-1: Ground out 6-3 (Groundball, 6, EV 96.9 MPH)
|
|
Batting: SHB Luis Rivera
|
0-0: Called Strike 0-1: Ball 1-1: Ball 2-1: Foul Ball, location: 2F 2-2: Ball 3-2: Base on Balls
|
|
Pitching: RHP Douglas Spector
|
|
|
Pinch Hitting: SHB Bruce Hines
|
0-0: Called Strike 0-1: SINGLE (Line Drive, 7S, EV 108.8 MPH) Luis Rivera to second
|
|
Batting: LHB Bryan Neal
|
0-0: Called Strike 0-1: Foul Ball, location: 2F 0-2: Fly out, F7 (Flyball, 7LM, EV 95.0 MPH)
|
| Top of the 7th over - 0 runs, 1 hit, 0 errors, 2 left on base; Watertown 2 - Duluth-Superior 3 |
| BOTTOM OF THE 7TH |
|
Duluth-Superior Dukes batting - Pitching for Watertown Bucks : RHP Jack Littrell
|
|
Now at 3B: Marvin Clack
|
|
|
Batting: RHB Ricky Sheetz
|
0-0: Called Strike 0-1: Ground out 4-3 (Groundball, 4, EV 76.9 MPH)
|
|
Batting: LHB Ralph Bryant
|
0-0: Called Strike 0-1: Ball 1-1: Ball 2-1: Foul Ball, location: 2F 2-2: Ground out 6-3 (Groundball, 6, EV 79.4 MPH)
|
|
Batting: LHB Ron Henika
|
0-0: Foul Ball, location: 2F 0-1: Swinging Strike 0-2: SINGLE (Line Drive, 56D, EV 98.8 MPH)
|
|
Pitching: LHP Kenneth Likewise
|
|
|
Batting: RHB Dave Hengel
|
0-0: Ball 1-0: Ball 2-0: Ball 3-0: Base on Balls Ron Henika to second
|
|
Batting: RHB Jim Ferguson
|
0-0: Swinging Strike 0-1: Ball 1-1: Called Strike 1-2: Foul Ball, location: 2F 1-2: Strikes out swinging
|
| Bottom of the 7th over - 0 runs, 1 hit, 0 errors, 2 left on base; Watertown 2 - Duluth-Superior 3 |
| TOP OF THE 8TH |
|
Watertown Bucks batting - Pitching for Duluth-Superior Dukes : RHP Douglas Spector
|
|
Now at 2B: Everette Smith
|
|
|
Batting: RHB Richard Plautz
|
0-0: Ball 1-0: Called Strike 1-1: Foul Ball, location: 2F 1-2: Ball 2-2: Ball 3-2: Ground out 1-3 (Groundball, 15S, EV 71.3 MPH)
|
|
Batting: LHB Greg Guin
|
0-0: Ball 1-0: Foul Ball, location: 2F 1-1: Foul Ball, location: 2F 1-2: Foul Ball, location: 2F 1-2: Foul Ball, location: 2F 1-2: Foul Ball, location: 2F 1-2: Ball 2-2: Fly out, F4 (Popup, 4, EV 60.6 MPH)
|
|
Batting: RHB Eugene Cattane
|
0-0: Swinging Strike 0-1: Ball 1-1: Ball 2-1: Ball 3-1: Ground out 4-3 (Groundball, 4, EV 88.1 MPH)
|
| Top of the 8th over - 0 runs, 0 hits, 0 errors, 0 left on base; Watertown 2 - Duluth-Superior 3 |
| BOTTOM OF THE 8TH |
|
Duluth-Superior Dukes batting - Pitching for Watertown Bucks : LHP Kenneth Likewise
|
|
Batting: RHB Leo Vargas
|
0-0: Reached on error, E3 (Groundball, 34, EV 102.5 MPH)
|
|
Batting: RHB Gary Hinson
|
0-0: Ball 1-0: Ball 2-0: Ball 3-0: Called Strike 3-1: Grounds into double play, 4-6-3 (Groundball, 34, EV 85.6 MPH)
|
|
Batting: RHB Cecil Whitehead
|
0-0: Called Strike 0-1: Ground out U3 (Groundball, 34S, EV 85.6 MPH)
|
| Bottom of the 8th over - 0 runs, 0 hits, 1 error, 0 left on base; Watertown 2 - Duluth-Superior 3 |
| TOP OF THE 9TH |
|
Watertown Bucks batting - Pitching for Duluth-Superior Dukes : RHP Douglas Spector
|
|
Pitching: RHP Arthur Diekmann
|
|
|
Batting: LHB Manuel Vigil
|
0-0: Ball 1-0: SINGLE (Line Drive, 34, EV 96.3 MPH)
|
|
Batting: RHB Sebastiano Borriello
|
0-0: Ball 1-0: Bunted foul 1-1: Bunt missed! 1-2: Ball 2-2: Grounds into double play, 4-6-3 (Groundball, 4, EV 79.4 MPH)
|
|
Pinch Hitting: RHB Randy Hunt
|
0-0: Called Strike 0-1: SINGLE (Groundball, 34D, EV 98.1 MPH)
|
|
Pinch Hitting: LHB John Cardinali
|
0-0: Foul Ball, location: 2F 0-1: SINGLE (Flyball, 7LD, EV 110.0 MPH) Randy Hunt to second
|
|
Pinch Hitting: RHB Gregory Dikos
|
0-0: Ball 1-0: Swinging Strike 1-1: Fly out, F9 (Flyball, 9D, EV 83.8 MPH)
|
| Top of the 9th over - 0 runs, 3 hits, 0 errors, 2 left on base; Watertown 2 - Duluth-Superior 3 |
|